 Dungeon Crawl Stone Soup version 0.25.1-2-g60ff931df9 (webtiles) character file.

Game seed: 5770450216487673675

1538 DildoBatman the Conjurer (level 9, 0/59 HPs)
             Began as a Formicid Wizard on Sept 13, 2020.
             Slain by an orc warrior
             ... wielding a +0 long sword
              (18 damage)
             ... on level 6 of the Dungeon.
             The game lasted 00:17:51 (5698 turns).

DildoBatman the Conjurer (Formicid Wizard)          Turns: 5698, Time: 00:17:52

Health: 0/59       AC: 10    Str: 12    XL:     9   Next: 11%
Magic:  12/13      EV: 12    Int: 21    God:
Gold:   290        SH:  0    Dex:  9    Spells: 7/14 levels left

rFire    . . .     SeeInvis +   a - +2 falchion (holy)
rCold    + . .     Gourm    .   (no shield)
rNeg     . . .     Faith    .   w - +2 leather armour {rPois}
rPois    +         Spirit   .   (helmet unavailable)
rElec    .         Reflect  .   p - scarf {repulsion}
rCorr    .         Harm     .   (no gloves)
MR       .....                  y - +0 pair of boots of Cynnyop {Slay+2}
Stlth    ++........             r - amulet of regeneration
HPRegen  0.59/turn              W - +4 ring of protection
MPRegen  0.13/turn              L - ring of protection from cold

@: repel missiles
A: permanent stasis, dig shafts and tunnels, four strong arms, antennae 3
a: Dig, Shaft Self


You were on level 6 of the Dungeon.
You were not hungry.

You visited 2 branches of the dungeon, and saw 7 of its levels.

You collected 290 gold pieces.

Inventory:

Hand Weapons
 a - a +2 falchion of holy wrath (weapon)
 b - a +0 hunting sling
Missiles
 d - 235 stones
 f - 37 sling bullets
 i - 119 arrows
 q - 8 atropa-tipped darts (quivered)
 A - 48 poisoned darts
 C - 31 bolts
 I - a throwing net
Armour
 p - a scarf of repulsion (worn)
 w - a +2 leather armour of poison resistance (worn)
 y - the +0 pair of boots of Cynnyop (worn) {Slay+2}
   (You found it on level 4 of the Dungeon)

   It affects your accuracy and damage with ranged weapons and melee attacks
   (+2).
 B - a +0 kite shield
Jewellery
 g - the amulet of Mutualism {Spirit rElec}
   (You took it off an orc on level 4 of the Dungeon)

   [amulet of guardian spirit]

   It causes incoming damage to be split between your health and magic.
   It insulates you from electricity.
 r - an amulet of regeneration (around neck)
 L - a ring of protection from cold (right hand)
 W - a +4 ring of protection (left hand)
Scrolls
 h - 2 scrolls of enchant armour
 l - 2 scrolls of enchant weapon
 n - 2 scrolls of fog
 s - 2 scrolls of amnesia {unknown}
 x - 2 scrolls of remove curse
 z - 2 scrolls of identify
 E - a scroll of magic mapping {unknown}
 G - a scroll of random uselessness {unknown}
 H - a scroll of blinking {unknown}
 K - a scroll of immolation {unknown}
Potions
 c - 2 potions of brilliance {unknown}
 e - 3 potions of stabbing {unknown}
 j - 2 potions of heal wounds {unknown}
 k - a potion of mutation {unknown}
 m - a potion of curing
 o - a potion of might {unknown}
 u - 2 potions of cancellation {unknown}
 D - a potion of lignification {unknown}
Comestibles
 t - 2 chunks of flesh
 v - 8 rations


   Skills:
 * Level 1.3 Fighting
 * Level 1.4 Armour
 * Level 2.2 Dodging
 - Level 2.4 Stealth
 - Level 3.2 Spellcasting
 - Level 6.0 Conjurations
   Level 1.0 Summonings
   Level 0.8 Translocations
 - Level 5.0 Fire Magic
 - Level 5.0 Air Magic


You had 7 spell levels left.
You knew the following spells:

 Your Spells              Type           Power        Failure   Level  Hunger
a - Conjure Flame         Conj/Fire      ####....     5%          3    ###....
c - Magic Dart            Conj           ####         1%          1    None
e - Mephitic Cloud        Conj/Pois/Air  ###.....     11%         3    ###....

Your spell library contained the following spells:

 Spells                   Type           Power        Failure   Level  Hunger
 Call Imp                 Summ           #.......     17%         2    ##.....
 Slow                     Hex            #.......     26%         2    ##.....
 Gell's Gravitas          Tloc           #.........   34%         3    ###....
 Confusing Touch          Hex            #.......     45%         3    ###....
 Petrify                  Tmut/Erth      #.......     86%         4    ####...
 Metabolic Englaciation   Hex/Ice        #.........   99%         5    ######.
 Yara's Violent Unravell  Hex/Tmut       #.........   99%         5    ######.
 Blink                    Tloc           Unusable     N/A         2    N/A

Dungeon Overview and Level Annotations

Branches:
Dungeon (6/15)             Temple (1/1) D:4

Altars:
Ashenzari
Cheibriados
Gozag
Makhleb
Nemelex Xobeh
Okawaru
Sif Muna
Trog
Uskayaw
Vehumet
Wu Jian
Xom
Yredelemnul
Zin
The Shining One

Annotations:
D:4 exclusion: phantom, Pikel
D:5 1 exclusion
D:6 1 runed translucent door


Innate Abilities, Weirdness & Mutations

You cannot be hasted, slowed, berserked, paralysed or teleported.
You can dig through walls and to a lower floor.
Your four strong arms can wield two-handed weapons with a shield.
You have a pair of large antennae on your head. (SInv)


Message History

The orc warrior hits you with a +0 long sword!
You hit the orc warrior but do no damage.
The orc warrior is heavily wounded.
The orc warrior hits you with a +0 long sword!
You hit the orc warrior but do no damage.
The orc warrior is heavily wounded.
The orc warrior hits you with a +0 long sword!
You hit the orc warrior but do no damage.
The orc warrior is heavily wounded.
The orc warrior hits you with a +0 long sword.
You hit the orc warrior but do no damage.
The orc warrior is heavily wounded.
The orc warrior seems less confused.
The crimson imp laughs crazily.
The orc warrior barely misses you.
The crimson imp hits you but does no damage.
You hit the orc warrior but do no damage.
The orc warrior is heavily wounded.
The orc warrior hits you with a +0 long sword!!
You die...

## #.. ... #.# #.<####.#
#.#.....# #.......#
......... #.......# ..
#.....# #...{...# #..
#...o.# #.......# #..
#....@# #.......# #..
.#####5###...ยง...####..
.........)..............
.......>...)............
#.#########.(.$.........
#.######.....# #.#
######. #.# #. #.# #.


You could see an orc warrior and a crimson imp.

Vanquished Creatures
  An orc warrior (D:6)
  An ice beast (D:6)
  A sky beast (D:4)
  3 slaves
  3 ogres
  3 centaurs
  A bullfrog (D:4)
  A water moccasin zombie (D:6)
  A scorpion (D:5)
  2 jellies (D:6)
  A centaur skeleton (D:5)
  2 orc priests
  7 orc wizards
  3 iguanas (D:5)
  A worker ant (D:5)
  A killer bee zombie (D:5)
  2 hound zombies (D:5)
  7 adders
  A howler monkey skeleton (D:5)
  4 oozes
  2 adder skeletons (D:5)
  3 worms
  3 dart slugs (D:1)
  3 leopard geckos
  17 orcs
  4 ball pythons
  10 bats
  7 giant cockroaches
  4 goblins
  3 hobgoblins
  5 jackals
  2 kobolds (D:1)
  4 quokkas
  2 frilled lizards (D:2)
  6 rats
121 creatures vanquished.

Notes
Turn   | Place    | Note
-------+----------+-------------------------------------------
     0 | D:1      | DildoBatman the Formicid Wizard began the quest for the
                  | Orb.
     0 | D:1      | Reached XP level 1. HP: 13/13 MP: 4/4
    30 | D:1      | Reached skill level 1 in Conjurations
   217 | D:1      | Reached XP level 2. HP: 6/19 MP: 1/6
   288 | D:1      | Reached skill level 2 in Conjurations
   590 | D:1      | Reached XP level 3. HP: 19/24 MP: 2/7
  1227 | D:2      | Reached skill level 3 in Conjurations
  1250 | D:2      | Reached XP level 4. HP: 30/30 MP: 3/8
  1294 | D:2      | Learned a level 3 spell: Conjure Flame
  1298 | D:2      | Learned a level 3 spell: Mephitic Cloud
  2280 | D:3      | Reached skill level 4 in Conjurations
  2280 | D:3      | Reached XP level 5. HP: 35/35 MP: 5/9
  2893 | D:3      | Reached XP level 6. HP: 21/41 MP: 5/10
  3132 | D:3      | Reached skill level 5 in Conjurations
  3265 | D:4      | Noticed an ogre
  3287 | D:4      | Got a pair of spiked boots
  3349 | D:3      | Identified the +0 pair of boots of Cynnyop {Slay+2} (You
                  | found it on level 4 of the Dungeon)
  3378 | D:3      | Killed an ogre
  3378 | D:3      | Reached skill level 1 in Fire Magic
  3378 | D:3      | Reached skill level 1 in Air Magic
  3568 | D:4      | Reached XP level 7. HP: 37/46 MP: 4/11
  3620 | D:4      | Found a staircase to the Ecumenical Temple.
  3626 | Temple   | Entered the Ecumenical Temple
  3818 | D:4      | Identified the amulet of Mutualism {Spirit rElec}
  4300 | D:5      | Entered Level 5 of the Dungeon
  4451 | D:5      | Reached XP level 8. HP: 44/52 MP: 2/12
  4456 | D:5      | Reached skill level 6 in Conjurations
  4753 | D:5      | Noticed Pikel
  5471 | D:6      | Reached skill level 5 in Fire Magic
  5511 | D:6      | Found a glowing golden altar of the Shining One.
  5511 | D:6      | Found a runed translucent door.
  5511 | D:6      | Noticed an angel
  5553 | D:6      | Reached skill level 5 in Air Magic
  5553 | D:6      | Reached XP level 9. HP: 20/57 MP: 2/13
  5672 | D:6      | Reached skill level 1 in Fighting
  5672 | D:6      | Reached skill level 1 in Armour
  5698 | D:6      | Slain by an orc warrior

Illustrated notes

Levels and vault maps discovered:
D:1:      onia_arrival_pyramid, layout_loops_ring
D:2:      layout_loops_ring
D:3:      layout_basic
D:4:      layout_basic, minmay_temple_entry_enclosed_plants, first_ration,
          minmay_starry_boxes
D:5:      layout_cave_pools, st_stairs_1, grunt_ministairs_3, uniq_pikel
D:6:      layout_basic, lemuel_angel_altar
Temple:   zaba_magenta_temple

Skill      XL: |  1  2  3  4  5  6  7  8  9 |
---------------+----------------------------+-----
Conjurations   | 1 2 3 4 5 6 |  6.0
Fire Magic     | 2 3 5 |  5.0
Air Magic      | 1 2 5 |  5.0
Dodging        | 2 |  2.2
Fighting       | 1 |  1.3
Armour         | 1 |  1.4
Stealth        | |  2.4
Spellcasting   | |  3.2
Summonings     | |  1.0
Translocations | |  0.8

Action                   |  1- 3 |  4- 6 |  7- 9 || total
-------------------------+-------+-------+-------++-------
Melee: Unarmed           |     6 |       |       ||     6
       Short sword       |     8 |    15 |       ||    23
       Falchion          |       |    47 |   150 ||   197
 Fire: Hunting sling     |       |       |    14 ||    14
 Cast: Magic Dart        |    64 |   103 |    37 ||   204
       Mephitic Cloud    |       |     6 |    16 ||    22
       Conjure Flame     |       |       |    10 ||    10
 Abil: Dig               |       |     4 |     6 ||    10
  Use: Scroll            |       |     3 |     3 ||     6
 Stab: Confused          |       |     3 |     3 ||     6
       Sleeping          |       |     1 |       ||     1
  Eat: Chunk             |     1 |     8 |    11 ||    20
Armor: Robe              |     5 |    10 |       ||    15
       Leather armour    |       |     5 |    68 ||    73
Dodge: Dodged            |    17 |    56 |    78 ||   151
       Repelled          |       |     1 |       ||     1
       Rpst.: Falchion   |       |     9 |    26 ||    35
